 Dungeon Crawl Stone Soup version 0.26-a0-660-gc07710193c (webtiles) character file.

Game seed: 6237065235800251662

6 sahdkjhfkaj the Firebug (level 1, -1/19 HPs)
             Began as a Troll Wanderer on Oct 5, 2020.
             Slain by a kobold
             ... wielding a +2 short sword of electrocution
              (15 damage)
             ... on level 1 of the Dungeon.
             The game lasted 00:01:21 (376 turns).

sahdkjhfkaj the Firebug (Troll Wanderer)             Turns: 376, Time: 00:01:22

Health: -1/19      AC:  6    Str: 18    XL:     1   Next: 75%
Magic:  9/9        EV:  6    Int:  8    God:
Gold:   16         SH:  7    Dex: 10    Spells: 0/0 levels left

rFire    . . .     SeeInvis .   (no weapon)
rCold    . . .     Faith    .   c - +0 kite shield
rNeg     . . .     Spirit   .   d - +0 robe
rPois    .         Reflect  .   (helmet restricted)
rElec    .         Harm     .   (no cloak)
rCorr    .         Rampage  .   (gloves unavailable)
MR       .....                  (boots unavailable)
Stlth    +.........             (no amulet)
HPRegen  0.46/turn              f - ring of magical power
MPRegen  0.11/turn              (no ring)

@: no status effects
A: large, unfitting armour, claws 3, regeneration 1, shaggy fur 1, tough skin 3
a: no special abilities


You were on level 1 of the Dungeon.
You visited 1 branch of the dungeon, and saw 1 of its levels.

You collected 16 gold pieces.

Inventory:

Missiles
 a - 87 stones (quivered)
Armour
 c - a +0 kite shield (worn)
 d - a +0 robe (worn)
Jewellery
 f - a ring of magical power (left claw)
Scrolls
 b - a scroll of remove curse {unknown}
Potions
 e - a potion of might {unknown}


   Skills:
 - Level 1.0 Fighting
   Level 1.7 Maces & Flails
 + Level 1.3 Shields
 + Level 0.9 Unarmed Combat
   Level 1.3 Transmutations
   Level 2.1 Fire Magic
   Level 1.0 Evocations


You couldn't memorise any spells.
You didn't know any spells.
Your spell library contained the following spells:

 Spells                   Type           Power        Failure   Level
 Poisonous Vapours        Pois/Air       #.....       98%         2
 Swiftness                Air            #.......     98%         2


Dungeon Overview and Level Annotations

Branches:
Dungeon (1/15)

Altars:


Innate Abilities, Weirdness & Mutations

You are too large for most types of armour.
You have claws for hands.
Your natural rate of healing is unusually fast.
You are covered in fur. (AC +1)
You have extremely tough skin. (AC +3)


Message History

Key pressed, stopping explore.
No target in view!
A frilled lizard and a kobold come into view.
The kobold is wielding a +2 short sword of electrocution.
There are monsters nearby!
The kobold hits you but does no damage.
You are electrocuted!
Found a brown potion.
There are monsters nearby!
You block the kobold's attack.
Unknown command.
Unknown command.
You scratch the kobold.
The kobold is heavily wounded.
The kobold hits you with a +2 short sword of electrocution.
You scratch the kobold but do no damage.
The kobold is heavily wounded.
The kobold hits you with a +2 short sword of electrocution.
You are electrocuted!
Ouch! That really hurt!
You die...

######### #.......#
#.#####.# ###########.#
#.#
#(......†)..#####.#####
#.###.@K...............
#.# #.#################
#.# #># #.# #.# #.###.#
#...#.# #######.#..#
.........### ########.#


You could see a kobold.

Vanquished Creatures
  A giant cockroach (D:1)
  3 goblins (D:1)
  2 rats (D:1)
6 creatures vanquished.

Notes
Turn   | Place    | Note
-------+----------+-------------------------------------------
     0 | D:1      | sahdkjhfkaj the Troll Wanderer began the quest for the Orb.
     0 | D:1      | sahdkjhfkaj set off with the following items: a +0 mace, a
                  | +0 kite shield, a +0 robe; and the following spells
                  | available to memorise: Poisonous Vapours, Swiftness
     0 | D:1      | Reached XP level 1. HP: 19/19 MP: 0/0
   376 | D:1      | Slain by a kobold

Illustrated notes

Levels and vault maps discovered:
D:1:      dpeg_arrival_more_subterranean_lakeside_camping, layout_loops_ring,
          hex_large

Action                   || total
-------------------------++-------
Melee: Unarmed           ||    14
Armor: Robe              ||     5
Dodge: Dodged            ||     2
Block: Kite shield       ||     4

Table legend: (Time is in decaauts)
 A = Elapsed time spent in this place.
 B = Non-inter-level travel time spent in this place.
 C = Inter-level travel time spent in this place.
 D = Time resting spent in this place.
 E = Time spent auto-exploring this place.
 F = Levels seen in this place.
 G = Mean time per level.
                   A        B        C        D        E       F      G
               +--------+--------+--------+--------+--------+-----+--------+
         Total |    376 |    376 |      0 |      0 |    275 |   1 |  376.0 |
       Dungeon |    376 |    376 |      0 |      0 |    275 |   1 |  376.0 |
               +--------+--------+--------+--------+--------+-----+--------+

Top non-repeatable levels by time:
     D:1: 376 daAuts
